Map: Ascension to Aiur LE

Players

Serral - Winner!

  • Race: Zerg Zerg
  • League: Grandmaster
  • Spawn Location: 5:00

Majestuoso (MajeStic)

  • Race: Protoss Protoss
  • Spawn Location: 11:00

Event: WESG Barcelona European Finals 2017

VOD

Have the link to the VOD?

Description

Time

  • Played on: Nov. 25, 2017, 6:06 a.m.
  • Length: 11:19

All games in this series

Show
View Real Time Build Order
Export as new Build Order

Serral Zerg - Winner!

Build Orders: Hatch First, Lurkers 

Get SALT Encoding   

  12  0:00  Drone  
  13  0:12  Overlord  
  13  0:17  Drone  
  14  0:30  Drone x2  
  16  0:40  Drone  
  17  0:51  Hatchery  
  17  0:54  Drone  
  17  0:58  Drone  
  17  1:02  Extractor  
  17  1:13  Spawning Pool  
  17  1:16  Drone  
  17  1:20  Drone  
  18  1:28  Drone  
  19  1:38  Overlord  
  19  1:49  Drone  
  20  1:59  Queen  
  20  2:00  Zergling x2  
  23  2:01  Metabolic Boost  
  23  2:03  Queen  
  23  2:08  Zergling x2  
  26  2:11  Drone  
  26  2:14  Drone  
  28  2:22  Drone  
  29  2:24  Drone  
  30  2:37  Drone, Hatchery  
  30  2:45  Queen  
  32  2:51  Overlord  
  32  2:53  Drone  
  32  2:54  Drone  
  34  3:01  Drone x2  
  36  3:08  Overlord  
  36  3:10  Drone x2  
  36  3:11  Drone  
  39  3:13  Drone  
  39  3:15  Drone  
  39  3:17  Drone  
  39  3:19  Drone  
  43  3:26  Queen  
  45  3:28  Spore Crawler  
  45  3:30  Drone  
  45  3:33  Drone  
  46  3:40  Lair  
  46  3:41  Overlord  
  46  3:43  Drone  
  46  3:46  Drone x2  
  49  3:50  Queen  
  49  3:53  Drone  
  49  3:54  Drone  
  53  3:58  Drone, Extractor  
  53  3:59  Extractor  
  53  4:00  Drone  
  53  4:04  Drone x2  
  53  4:06  Overlord  
  53  4:08  Drone  
  56  4:11  Drone x2  
  58  4:17  Drone x3  
  58  4:22  Zergling x2, Overlord  
  58  4:23  Zergling x4  
  64  4:27  Zergling x2  
  64  4:30  Queen  
  67  4:31  Zergling x2  
  67  4:32  Zergling x2  
  67  4:35  Zergling x4  
  67  4:37  Overseer  
  71  4:41  Hydralisk Den  
  71  4:42  Zergling x4  
  72  4:47  Overlord  
  72  4:50  Zergling x6  
  72  4:51  Zergling x2  
  76  4:56  Overlord  
  76  4:57  Zergling x4  
  78  5:01  Zergling x4  
  78  5:02  Zergling x2  
  78  5:04  Extractor  
  80  5:08  Overlord  
  79  5:18  Drone x2  
  79  5:20  Drone x3  
  79  5:21  Drone  
  81  5:25  Muscular Augments  
  81  5:26  Overlord  
  81  5:27  Drone  
  81  5:28  Drone, Evolution Chamber  
  83  5:29  Drone x2  
  83  5:31  Drone x3  
  87  5:36  Overlord  
  87  5:37  Hydralisk  
  87  5:42  Hydralisk x2  
  89  5:48  Hydralisk x2  
  96  5:51  Overseer  
  96  5:54  Hydralisk x2  
  100  5:57  Zerg Missile Weapons Level 1  
  100  5:58  Overseer  
  100  5:59  Extractor  
  100  6:03  Hydralisk x2  
  103  6:06  Overlord  
  103  6:09  Overlord  
  101  6:13  Hydralisk x2  
  101  6:17  Drone  
  106  6:22  Overlord  
  106  6:23  Drone  
  106  6:24  Overlord x2  
  105  6:29  Overlord  
  105  6:31  Overlord  
  105  6:38  Hatchery  
  105  6:39  Drone x4  
  108  6:43  Drone x2  
  108  6:44  Evolution Chamber  
  109  6:49  Overlord  
  109  6:50  Hydralisk x2  
  113  6:55  Hydralisk x2  
  113  7:00  Drone x2  
  113  7:01  Drone x2  
  121  7:03  Extractor  
  121  7:06  Lurker Den  
  119  7:10  Hydralisk  
  119  7:11  Zergling x10  
  126  7:17  Overlord  
  126  7:20  Hydralisk x2  
  126  7:21  Zergling x2  
  131  7:24  Pneumatized Carapace  
  131  7:27  Zerg Melee Weapons Level 1  
  131  7:30  Drone x6  
  137  7:39  Drone x2  
  137  7:42  Hydralisk x4  
  147  7:45  Zergling x2  
  147  7:51  Queen  
  147  7:55  Drone x4  
  147  7:56  Drone x2  
  149  7:58  Extractor  
  149  7:59  Zergling x6, Infestation Pit  
  149  8:02  Zergling x4  
  149  8:03  Zergling x4  
  154  8:06  Zerg Missile Weapons Level 2  
  154  8:09  Overseer  
  154  8:16  Spore Crawler  
  154  8:18  Overlord  
  154  8:19  Hydralisk x3  
  158  8:29  Drone, Spine Crawler  
  158  8:31  Hydralisk x4  
  166  8:45  Lurker x4  
  166  8:46  Hydralisk x2, Lurker x2  
  166  8:47  Zergling x8  
  180  8:56  Hydralisk  
  180  8:57  Zergling x2  
  180  9:00  Overlord x2  
  180  9:01  Hive  
  183  9:05  Hatchery  
  182  9:20  Hydralisk x3  
  182  9:21  Zergling x16  
  186  9:33  Hydralisk x2  
  186  9:34  Hydralisk, Zergling x2  
  186  9:35  Zergling x14  
  199  9:42  Overlord  
  199  9:44  Overlord  
  197  9:47  Overlord  
  197  9:50  Overlord  
  197  9:52  Overlord  
  193  9:59  Hydralisk x3  
  192  10:11  Hydralisk x10  
  188  10:16  Zergling x2  
  188  10:17  Zergling x14  
  188  10:21  Adaptive Talons  
  191  10:26  Hydralisk  
  191  10:27  Hydralisk x2, Zergling x2  
  188  10:36  Hydralisk x3  
  188  10:37  Zergling x8  
  188  10:42  Zergling x6  
Show
View Real Time Build Order
Export as new Build Order

Majestuoso Protoss 

Build Orders: 1 Gate Expand, Zealot Archon, Archon Drop, Dark Templar Rush 

Get SALT Encoding   

  12  0:00  Probe  
  13  0:13  Probe  
  14  0:18  Pylon  
  14  0:25  Probe (Chrono Boost)  
  15  0:37  Probe (Chrono Boost)  
  15  0:38  Gateway  
  16  0:47  Probe (Chrono Boost)  
  17  0:50  Assimilator  
  17  0:51  Probe  
  18  1:03  Probe (Chrono Boost)  
  20  1:14  Probe (Chrono Boost)  
  20  1:23  Nexus  
  20  1:33  Cybernetics Core  
  20  1:36  Probe  
  21  1:42  Assimilator  
  21  1:48  Probe  
  21  1:53  Pylon  
  22  2:00  Probe  
  23  2:11  Adept  
  23  2:12  Probe (Chrono Boost), Warp Gate  
  26  2:21  Twilight Council  
  27  2:23  Probe (Chrono Boost)  
  28  2:30  Probe (Chrono Boost)  
  28  2:34  Probe (Chrono Boost)  
  29  2:41  Stalker  
  33  2:45  Probe x2 (Chrono Boost)  
  33  2:49  Probe  
  33  2:50  Probe  
  35  2:58  Robotics Facility  
  35  3:01  Probe  
  35  3:03  Probe (Chrono Boost)  
  37  3:10  Dark Shrine  
  37  3:13  Probe (Chrono Boost)  
  40  3:23  Gateway  
  40  3:24  Probe x2 (Chrono Boost)  
  40  3:27  Probe x2  
  42  3:36  Gateway  
  42  3:38  Gateway  
  42  3:40  Probe  
  43  3:41  Probe  
  43  3:47  Pylon  
  44  3:51  Warp Prism (Chrono Boost)  
  46  3:56  Assimilator  
  46  3:59  Assimilator  
  46  4:05  Probe x2  
  46  4:08  Pylon  
  48  4:17  Probe (Chrono Boost)  
  48  4:19  Probe (Chrono Boost)  
  50  4:30  Probe (Chrono Boost)  
  52  4:33  Pylon  
  52  4:38  Probe (Chrono Boost)  
  52  4:39  Probe, Nexus  
  52  4:41  Pylon, Dark Templar x2  
  57  4:46  Archon, Dark Templar  
  57  4:49  Observer  
  57  4:51  Dark Templar  
  62  4:54  Archon  
  62  4:59  Forge  
  62  5:01  Forge  
  62  5:04  Probe  
  62  5:05  Probe  
  64  5:07  Shield Battery  
  64  5:14  Dark Templar  
  64  5:17  Probe  
  66  5:21  Probe  
  66  5:22  Dark Templar  
  68  5:29  Probe  
  68  5:30  Shield Battery  
  68  5:33  Probe, Pylon, Blink (Chrono Boost)  
  70  5:36  Protoss Ground Weapons Level 1 (Chrono Boost)  
  70  5:41  Probe  
  71  5:45  Probe, Protoss Ground Armor Level 1 (Chrono Boost)  
  71  5:47  Archon  
  72  5:53  Probe  
  72  5:57  Probe (Chrono Boost), Immortal  
  74  5:58  Probe (Chrono Boost), Sentry  
  74  6:02  Assimilator  
  81  6:05  Probe (Chrono Boost)  
  81  6:06  Assimilator  
  81  6:09  Zealot  
  81  6:10  Probe (Chrono Boost)  
  86  6:15  Probe x3 (Chrono Boost)  
  84  6:22  Zealot x2  
  84  6:23  Probe x2 (Chrono Boost)  
  90  6:28  Robotics Bay  
  93  6:35  Probe (Chrono Boost), Sentry  
  93  6:36  Sentry  
  93  6:37  Probe x2 (Chrono Boost)  
  93  6:38  Shield Battery  
  93  6:39  Probe, Shield Battery  
  98  6:44  Pylon  
  98  6:52  Pylon x2  
  98  6:53  Probe  
  99  6:56  Probe  
  99  6:57  Pylon  
  100  7:01  Shield Battery  
  100  7:02  Immortal  
  100  7:03  Pylon  
  104  7:16  Sentry  
  104  7:22  Protoss Ground Armor Level 2 (Chrono Boost)  
  106  7:23  Probe x3  
  106  7:24  Charge  
  106  7:26  Photon Cannon  
  106  7:29  Protoss Ground Weapons Level 2 (Chrono Boost)  
  109  7:30  Extended Thermal Lance  
  109  7:39  Probe  
  109  7:40  Probe x2, Colossus  
  109  7:43  Stalker x3  
  124  7:47  Gateway  
  124  7:49  Gateway  
  123  7:51  Gateway  
  123  7:52  Gateway  
  123  8:08  Nexus  
  123  8:10  Pylon  
  123  8:18  Sentry  
  123  8:19  Pylon  
  125  8:25  Shield Battery  
  125  8:27  Gateway  
  125  8:29  Gateway  
  125  8:30  Pylon, Stalker x3  
  125  8:31  Pylon  
  131  8:34  Colossus (Chrono Boost)  
  137  8:41  Photon Cannon  
  137  8:43  Shield Battery  
  137  8:53  Shield Battery  
  137  8:59  Templar Archives  
  137  9:00  Probe  
  138  9:03  Shield Battery  
  138  9:05  Shield Battery  
  138  9:07  Pylon  
  138  9:14  Gateway  
  138  9:16  Gateway  
  138  9:22  Zealot x4  
  147  9:28  Gateway  
  147  9:29  Gateway  
  138  9:31  Gateway  
  138  9:33  Zealot x2  
  141  9:43  Pylon x2  
  135  9:56  Stalker  
  132  10:00  Stalker x3  
  132  10:01  Stalker x2  
  136  10:20  Stalker  
  136  10:21  Zealot  
  122  10:24  Zealot x2  
  122  10:25  Zealot  
  113  10:42  Stalker x2  
  109  10:43  Nexus  
  109  10:45  Pylon  
  108  11:00  Pylon  
  108  11:02  Pylon  
  106  11:04  Pylon  
  93  11:13  Stalker x3  
Tags
 
Add a new tag
Caveats
  • Supply blocks, unpowered buildings, or Contaminate may cause inaccurate times.
  • Supply counts are checked every 10 seconds.